Map: Deathaura LE

Players

MarcoMan

  • Race: Protoss Protoss
  • League: Master
  • Spawn Location: 5:00

Natum - Winner!

  • Race: Terran Terran
  • League: Master
  • Spawn Location: 11:00

VOD

Have the link to the VOD?

Description

Time

  • Played on: Jan. 17, 2021, 10:14 p.m.
  • Length: 26:01
Show
View Real Time Build Order
Export as new Build Order

MarcoMan Protoss 

Build Orders: 1 Gate Expand, Blink Stalkers 

Get SALT Encoding   

  12  0:00  Probe  
  13  0:12  Probe  
  14  0:17  Pylon  
  14  0:24  Probe (Chrono Boost)  
  15  0:37  Probe (Chrono Boost)  
  15  0:38  Gateway  
  16  0:44  Probe (Chrono Boost)  
  16  0:46  Assimilator  
  17  0:51  Probe  
  18  1:03  Probe  
  19  1:15  Probe  
  20  1:26  Cybernetics Core  
  20  1:33  Nexus  
  20  1:37  Probe  
  21  1:44  Pylon  
  21  1:49  Probe  
  21  1:52  Assimilator  
  22  2:01  Adept (Chrono Boost), Probe  
  22  2:05  Warp Gate  
  25  2:14  Probe  
  26  2:34  Stalker  
  26  2:36  Probe (Chrono Boost)  
  29  2:39  Twilight Council  
  29  2:48  Probe (Chrono Boost)  
  31  2:51  Probe (Chrono Boost)  
  31  2:53  Probe (Chrono Boost)  
  32  2:58  Probe  
  32  3:00  Gateway  
  32  3:02  Probe  
  32  3:04  Gateway  
  34  3:06  Sentry  
  34  3:10  Probe  
  37  3:14  Probe  
  38  3:28  Blink (Chrono Boost)  
  38  3:32  Probe x2  
  40  3:44  Probe  
  40  3:45  Pylon, Probe  
  41  3:56  Probe  
  42  4:06  Probe  
  43  4:10  Robotics Facility  
  43  4:13  Stalker x2  
  43  4:14  Stalker  
  43  4:15  Probe  
  50  4:21  Probe  
  50  4:23  Pylon  
  51  4:27  Probe  
  51  4:29  Pylon  
  52  4:32  Assimilator  
  52  4:33  Probe  
  52  4:34  Assimilator  
  53  4:39  Probe  
  53  4:45  Probe  
  55  4:46  Sentry  
  55  4:48  Stalker  
  55  4:49  Stalker  
  55  4:52  Probe  
  62  4:57  Probe  
  62  4:59  Pylon  
  63  5:01  Pylon  
  63  5:04  Probe  
  64  5:09  Probe  
  65  5:14  Stalker  
  65  5:16  Probe  
  60  5:26  Stalker  
  62  5:30  Probe x2  
  64  5:38  Gateway  
  64  5:41  Stalker, Nexus  
  64  5:42  Gateway, Probe  
  67  5:43  Pylon  
  67  5:45  Forge  
  67  5:49  Probe (Chrono Boost)  
  68  5:53  Assimilator  
  68  5:54  Probe (Chrono Boost), Observer (Chrono Boost)  
  68  5:56  Assimilator  
  70  6:01  Probe (Chrono Boost)  
  72  6:05  Probe (Chrono Boost)  
  72  6:07  Probe (Chrono Boost), Observer (Chrono Boost)  
  72  6:09  Robotics Bay  
  72  6:10  Probe (Chrono Boost)  
  74  6:14  Pylon  
  74  6:15  Probe  
  76  6:20  Probe  
  77  6:27  Probe  
  77  6:31  Sentry  
  77  6:32  Sentry, Probe  
  80  6:33  Charge (Chrono Boost)  
  80  6:39  Probe  
  80  6:41  Stalker x2  
  80  6:47  Shield Battery  
  80  6:49  Shield Battery  
  80  6:51  Probe x2  
  82  6:56  Protoss Ground Armor Level 1  
  82  6:58  Colossus (Chrono Boost)  
  88  7:03  Probe x2  
  88  7:04  Photon Cannon  
  88  7:06  Photon Cannon  
  88  7:08  Probe  
  91  7:09  Photon Cannon  
  91  7:12  Pylon  
  91  7:15  Probe  
  92  7:16  Probe  
  92  7:20  Pylon, Probe  
  94  7:27  Probe  
  94  7:28  Probe  
  96  7:32  Probe  
  96  7:34  Colossus (Chrono Boost)  
  97  7:39  Probe  
  97  7:40  Probe  
  97  7:42  Stalker x4  
  114  7:44  Probe  
  114  7:49  Gateway  
  114  7:51  Gateway, Probe  
  114  7:52  Probe  
  114  7:54  Gateway  
  114  7:56  Extended Thermal Lance (Chrono Boost)  
  116  8:05  Pylon  
  116  8:07  Stalker  
  118  8:18  Zealot x3, Nexus  
  124  8:20  Pylon  
  124  8:21  Pylon  
  124  8:26  Assimilator  
  124  8:30  Colossus (Chrono Boost)  
  124  8:31  Assimilator  
  124  8:34  Gateway  
  130  8:35  Gateway  
  130  8:46  Gateway  
  130  8:47  Probe x2  
  130  8:48  Probe  
  133  8:49  Forge  
  133  8:59  Probe  
  134  9:04  Templar Archives  
  134  9:08  Zealot x2, Photon Cannon  
  134  9:09  Zealot x3  
  144  9:10  Photon Cannon  
  144  9:13  Colossus (Chrono Boost), Photon Cannon  
  144  9:15  Colossus (Chrono Boost)  
  144  9:17  Photon Cannon  
  144  9:19  Protoss Ground Armor Level 2 (Chrono Boost)  
  144  9:20  Protoss Ground Weapons Level 1 (Chrono Boost)  
  150  9:29  Zealot x3  
  156  9:33  Pylon  
  156  9:45  Psionic Storm  
  156  9:52  Stargate  
  156  9:54  Stargate  
  156  9:56  Stargate  
  156  9:57  High Templar  
  156  9:58  High Templar x2  
  156  9:59  Nexus  
  162  10:02  Pylon  
  162  10:03  Pylon  
  162  10:12  Assimilator  
  162  10:13  Assimilator  
  162  10:25  Zealot  
  164  10:33  Void Ray  
  164  10:34  Void Ray  
  164  10:38  Fleet Beacon  
  172  10:56  Zealot x5  
  182  11:08  Pylon  
  182  11:09  Photon Cannon  
  182  11:10  Pylon, Photon Cannon  
  182  11:11  Photon Cannon  
  182  11:13  Photon Cannon  
  182  11:15  Shield Battery  
  182  11:20  Protoss Air Weapons Level 1  
  180  11:46  Tempest x3 (Chrono Boost)  
  180  11:52  Photon Cannon  
  195  11:59  Pylon  
  195  12:06  Gateway  
  195  12:08  Gateway  
  195  12:10  Gateway  
  195  12:12  Gateway  
  195  12:14  Photon Cannon  
  195  12:16  Photon Cannon  
  195  12:18  Photon Cannon  
  195  12:27  Tempest  
  195  12:28  Tempest  
  197  12:39  Photon Cannon  
  197  12:41  Photon Cannon  
  197  12:45  Photon Cannon  
  195  12:57  Pylon  
  191  12:58  Pylon  
  191  13:02  Pylon  
  187  13:08  Zealot x3  
  187  13:09  Zealot x2  
  197  13:15  Nexus  
  197  13:21  Unknown  
  197  13:32  Photon Cannon  
  197  13:34  Photon Cannon  
  197  13:36  Protoss Shields Level 1, Photon Cannon  
  197  13:39  Photon Cannon  
  189  13:58  Photon Cannon  
  189  14:00  Photon Cannon  
  189  14:01  Stalker x2  
  189  14:02  Stalker x4  
  195  14:09  Tempest  
  197  14:28  Photon Cannon  
  197  14:43  Nexus  
  197  14:47  Pylon  
  197  14:49  Pylon  
  170  15:10  Photon Cannon  
  170  15:11  Photon Cannon  
  170  15:12  Zealot  
  170  15:13  Zealot x3, Photon Cannon  
  178  15:16  Shield Battery, Zealot x2  
  178  15:17  Shield Battery, Zealot  
  178  15:19  Shield Battery  
  178  15:21  Shield Battery  
  184  15:23  Tempest  
  187  15:47  Zealot  
  187  15:48  Zealot x3  
  187  15:49  Zealot x3  
  166  16:03  Stalker  
  166  16:04  Stalker x4  
  137  16:29  Tempest  
  137  16:31  Tempest  
  112  16:44  Pylon  
  112  16:49  Stargate  
  112  16:52  Stargate  
  112  16:54  Fleet Beacon, Pylon  
  112  16:55  Pylon  
  112  17:02  Pylon  
  112  17:04  Pylon  
  112  17:06  Photon Cannon  
  112  17:10  Photon Cannon  
  112  17:11  Unknown, Photon Cannon  
  112  17:13  Pylon  
  112  17:15  Photon Cannon  
  112  17:22  Void Ray (Chrono Boost)  
  112  17:24  Void Ray x2 (Chrono Boost)  
  112  17:25  Stargate  
  112  17:27  Pylon x2  
  124  17:37  Zealot x3  
  124  17:38  Zealot x3  
  146  17:52  Tempest x2 (Chrono Boost)  
  146  17:55  Tempest (Chrono Boost)  
  146  17:56  Void Ray (Chrono Boost), Photon Cannon  
  146  17:57  Photon Cannon  
  160  17:59  Shield Battery  
  160  18:01  Tempest (Chrono Boost)  
  160  18:06  Zealot x5  
  160  18:07  Zealot x3  
  168  18:15  Tempest (Chrono Boost)  
  171  18:24  Protoss Air Weapons Level 2 (Chrono Boost)  
  171  18:26  Tempest (Chrono Boost)  
  189  18:38  Tempest (Chrono Boost)  
  189  18:44  Tempest (Chrono Boost)  
  197  18:52  Nexus  
  197  18:53  Pylon  
  197  18:54  Tempest (Chrono Boost)  
  197  18:55  Tempest (Chrono Boost), Pylon  
  189  18:57  Tempest (Chrono Boost)  
  164  19:27  Probe  
  164  19:28  Probe x3  
  160  19:37  Nexus  
  149  19:39  Pylon, Probe  
  149  19:45  Stalker x5  
  144  19:47  Probe x3  
  144  19:51  Probe  
  142  19:59  Probe  
  136  20:07  Probe x2  
  136  20:11  Probe  
  136  20:19  Probe x2  
  138  20:23  Probe  
  138  20:27  Void Ray x3  
  139  20:30  Fleet Beacon  
  139  20:31  Probe  
  152  20:38  Zealot x3  
  158  20:50  Pylon  
  158  20:57  Observer  
  158  21:01  Void Ray x3 (Chrono Boost)  
  158  21:11  Protoss Shields Level 2  
  170  21:14  Flux Vanes  
  170  21:26  Pylon, High Templar x3  
  170  21:27  High Templar x5  
  170  21:30  Archon x2  
  170  21:31  Archon x2, Void Ray x3  
  186  21:35  Zealot  
  200  21:47  Photon Cannon  
  200  21:51  Photon Cannon  
  200  21:53  Shield Battery  
  190  22:51  Tempest x3 (Chrono Boost)  
  116  23:07  Tempest (Chrono Boost)  
  116  23:13  Photon Cannon  
  116  23:15  Photon Cannon  
  116  23:24  Tempest x3 (Chrono Boost)  
  131  23:36  Nexus  
  131  23:38  Pylon  
  131  23:39  Pylon  
  136  23:44  Tempest (Chrono Boost)  
  136  23:56  Tempest (Chrono Boost)  
  136  23:57  Tempest (Chrono Boost)  
  146  24:09  Assimilator  
  146  24:10  Tempest (Chrono Boost)  
  146  24:11  Assimilator  
  151  24:25  Pylon  
  151  24:26  Tempest  
  156  24:40  Stalker x5  
  156  24:41  Stalker  
  156  24:42  Stalker  
  170  24:55  Nexus  
  167  25:37  Fleet Beacon, Stargate  
  167  25:42  Stargate  
  167  25:45  Pylon  
  167  25:47  Pylon  
  142  25:50  Pylon  
Show
View Real Time Build Order
Export as new Build Order

Natum Terran - Winner!

Build Orders: Reaper Expand 

Get SALT Encoding   

  12  0:00  SCV  
  13  0:13  SCV  
  14  0:17  Supply Depot  
  14  0:25  SCV  
  15  0:38  SCV  
  15  0:40  Barracks  
  16  0:47  Refinery  
  16  0:50  SCV  
  17  1:03  SCV  
  18  1:15  SCV  
  19  1:27  Orbital Command  
  19  1:30  Reaper  
  20  1:42  Command Center  
  20  1:55  SCV  
  21  2:09  Barracks  
  21  2:15  Barracks Reactor  
  21  2:16  Supply Depot  
  21  2:19  SCV  
  22  2:31  Barracks  
  22  2:38  SCV  
  22  2:43  Engineering Bay  
  23  2:50  SCV  
  24  2:53  Marine  
  24  2:54  Orbital Command, Marine  
  26  2:58  Barracks Tech Lab  
  26  3:11  Terran Infantry Weapons Level 1, Marine x2  
  28  3:17  Stimpack, Marine  
  29  3:21  Marine  
  29  3:22  SCV  
  31  3:32  Marine x2  
  32  3:37  Supply Depot, SCV  
  32  3:38  SCV  
  32  3:39  Barracks Reactor  
  32  3:40  Marine  
  35  3:49  SCV  
  35  3:50  Marine  
  37  3:59  Marine x2  
  37  4:01  SCV  
  40  4:06  SCV  
  40  4:07  Marine  
  41  4:13  Supply Depot, SCV  
  42  4:17  Marine x2  
  42  4:22  Marine x2  
  42  4:23  SCV  
  47  4:25  SCV, Marine  
  49  4:35  SCV, Marine x2  
  52  4:40  Marine x2  
  52  4:41  Supply Depot, Command Center  
  52  4:43  Marine  
  55  4:47  SCV x2  
  57  4:53  Marine x2  
  59  5:00  Marine  
  59  5:01  SCV, Marine  
  59  5:02  SCV  
  63  5:08  Marine  
  63  5:10  Marine  
  63  5:12  Marine  
  63  5:13  SCV  
  66  5:15  SCV  
  66  5:18  Marine  
  58  5:25  SCV  
  58  5:27  SCV  
  53  5:35  Marauder, Marine x3  
  55  5:36  Combat Shield  
  55  5:38  SCV  
  55  5:39  SCV, Marine  
  55  5:41  Terran Infantry Armor Level 1  
  60  5:46  Refinery x2  
  60  5:49  Refinery  
  59  5:50  SCV  
  59  5:51  SCV  
  59  5:53  Marine x3  
  66  5:57  Marauder, Marine  
  66  6:00  SCV  
  66  6:02  SCV  
  66  6:03  SCV  
  70  6:11  Marine x3  
  71  6:12  SCV  
  71  6:14  SCV  
  71  6:15  SCV  
  77  6:18  Marauder  
  75  6:26  SCV  
  76  6:47  Marine  
  76  6:52  Supply Depot x2, Marauder, Marine x2  
  81  6:55  Concussive Shells, SCV x3  
  81  6:58  Refinery  
  81  6:59  Refinery  
  84  7:07  SCV  
  85  7:09  Factory  
  85  7:14  Marauder, SCV  
  89  7:17  Planetary Fortress  
  89  7:19  SCV  
  89  7:22  Command Center  
  89  7:26  SCV  
  90  7:31  SCV  
  90  7:33  Marine  
  90  7:34  Marine x2  
  90  7:36  Marauder  
  96  7:38  SCV  
  96  7:43  SCV  
  98  7:49  Factory  
  98  7:50  SCV  
  99  7:52  Supply Depot  
  99  7:53  Supply Depot  
  99  7:54  Supply Depot  
  99  7:55  Supply Depot x2, SCV  
  100  8:02  SCV  
  101  8:08  Starport  
  101  8:10  Starport x2  
  101  8:12  Armory  
  101  8:14  SCV x2  
  101  8:15  SCV  
  104  8:26  SCV x2  
  107  8:27  SCV  
  107  8:33  Sensor Tower  
  107  8:36  Unknown  
  107  8:37  Supply Depot  
  107  8:38  Supply Depot, SCV x2  
  107  8:39  SCV  
  107  8:40  Factory Tech Lab  
  110  8:42  Factory Tech Lab  
  110  8:46  Medivac  
  110  8:47  Medivac x2  
  116  8:49  Planetary Fortress  
  116  8:50  SCV x2  
  116  8:51  SCV  
  116  8:52  Unknown  
  119  9:02  SCV x2  
  121  9:03  Command Center, SCV  
  121  9:04  Siege Tank  
  121  9:05  Siege Tank  
  128  9:14  SCV x2  
  128  9:15  SCV  
  128  9:16  Supply Depot  
  131  9:18  Supply Depot x2  
  131  9:21  Starport Tech Lab x3  
  131  9:26  Terran Vehicle And Ship Armor Level 1  
  131  9:27  Fusion Core  
  131  9:32  SCV x2  
  131  9:33  SCV  
  131  9:38  Armory  
  134  9:44  Siege Tank x2  
  134  9:45  SCV  
  141  9:56  Supply Depot  
  141  9:57  SCV  
  141  9:58  Supply Depot  
  142  10:03  Supply Depot x2  
  142  10:09  SCV  
  143  10:18  Siege Tank  
  143  10:19  Starport  
  143  10:20  Starport  
  146  10:21  SCV  
  146  10:27  Missile Turret  
  147  10:36  Supply Depot  
  147  10:37  Supply Depot  
  147  10:38  Battlecruiser x2  
  147  10:39  Battlecruiser  
  164  10:43  SCV  
  165  10:55  SCV  
  166  11:02  Starport Tech Lab x2  
  165  11:07  Missile Turret, SCV  
  166  11:19  SCV  
  167  11:31  SCV  
  164  11:36  Battlecruiser x2  
  176  11:42  Battlecruiser  
  176  11:43  SCV  
  179  11:52  Battlecruiser x2  
  189  11:55  SCV  
  190  12:03  Planetary Fortress  
  190  12:05  Terran Vehicle And Ship Armor Level 2  
  190  12:06  Terran Ship Weapons Level 1  
  181  12:25  Refinery  
  180  12:34  SCV  
  180  12:36  Starport  
  181  12:40  Battlecruiser x2  
  193  12:45  Weapon Refit  
  193  12:46  Battlecruiser  
  193  12:47  SCV  
  190  13:01  SCV  
  190  13:02  SCV x3  
  178  13:13  SCV  
  178  13:14  SCV  
  178  13:17  Refinery  
  178  13:18  Battlecruiser x2  
  192  13:20  Siege Tank  
  192  13:25  Supply Depot  
  195  13:30  Supply Depot  
  195  13:38  Starport Tech Lab  
  178  13:50  Battlecruiser x2  
  178  13:51  Battlecruiser  
  190  13:58  Battlecruiser  
  196  14:23  Missile Turret x3, SCV  
  196  14:24  SCV  
  198  14:25  Missile Turret  
  198  14:40  Terran Vehicle And Ship Armor Level 3, Terran Ship Weapons Level 2  
  198  14:42  Supply Depot  
  198  14:49  Command Center  
  197  15:11  Battlecruiser x2  
  199  15:20  SCV  
  193  15:55  Battlecruiser  
  172  16:43  Unknown  
  172  16:45  Battlecruiser x3  
  172  16:46  Battlecruiser  
  196  16:49  Unknown  
  196  16:50  SCV x4  
  200  17:08  Planetary Fortress  
  200  17:20  Terran Ship Weapons Level 3  
  198  18:12  Battlecruiser  
  196  18:17  Command Center, SCV x3, Refinery  
  196  18:18  Refinery  
  198  18:22  Missile Turret  
  198  18:23  Missile Turret  
  198  18:24  Missile Turret, SCV x2  
  198  18:46  Battlecruiser  
  198  18:48  SCV  
  193  19:05  Battlecruiser  
  187  19:27  Battlecruiser x2  
  187  19:28  Battlecruiser  
  193  19:34  Battlecruiser  
  175  19:51  Battlecruiser  
  175  19:53  SCV x4  
  167  20:09  Battlecruiser  
  155  20:32  Battlecruiser x3  
  178  20:48  Raven  
  174  20:57  Battlecruiser  
  174  21:04  SCV x3  
  183  21:23  Battlecruiser  
  189  21:32  Command Center  
  189  21:43  Battlecruiser  
  195  22:06  Refinery  
  194  22:08  Refinery  
  194  22:11  Battlecruiser  
  193  22:38  Battlecruiser x2  
  167  23:02  Battlecruiser x3  
  185  23:12  Unknown  
  185  23:23  Battlecruiser  
  191  23:36  Planetary Fortress  
  191  23:49  Battlecruiser  
  191  23:53  Raven  
  197  24:46  Command Center  
Tags
 
Add a new tag
Caveats
  • Supply blocks, unpowered buildings, or Contaminate may cause inaccurate times.
  • Supply counts are checked every 10 seconds.